 Dungeon Crawl Stone Soup version 0.26.0-10-g1f06aea511 (webtiles) character file.

Game seed: 10905194335860482436

424 Borgoz the Skirmisher (level 6, 0/52 HPs)
             Began as a Ghoul Gladiator on Jan 15, 2021.
             Slain by a river rat (2 damage)
             ... in a sewer.
             The game lasted 00:03:21 (2290 turns).

Borgoz the Skirmisher (Ghoul Gladiator)             Turns: 2290, Time: 00:03:21

Health: 0/52       AC:  4    Str: 18    XL:     6   Next: 96%
Magic:  5/5        EV: 13    Int:  3    God:
Gold:   103        SH:  0    Dex: 12    Spells: 5/5 levels left

rFire    . . .     SeeInvis .   a - +0 long sword
rCold    + . .     Faith    .   (no shield)
rNeg     + + +     Spirit   .   b - +0 leather armour
rPois    ∞         Reflect  .   c - +0 helmet
rElec    .         Harm     .   (no cloak)
rCorr    .         Rampage  .   (no gloves)
Will     .....                  (no boots)
Stlth    +.........             (no amulet)
HPRegen  0.00/turn              (no ring)
MPRegen  0.09/turn              (no ring)

@: no status effects
A: claws 1, cold resistance 1, negative energy resistance 3, inhibited
regeneration, torment resistance, unbreathing
a: no special abilities


You were in a sewer.
You visited 1 branch of the dungeon, and saw 3 of its levels.
You also visited: Sewer.

You collected 103 gold pieces.

Inventory:

Hand Weapons
 a - a +0 long sword (weapon)
 l - a +0 club
Missiles
 d - 3 throwing nets (quivered)
Armour
 b - a +0 leather armour (worn)
 c - a +0 helmet (worn)
 p - a +0 chain mail of cold resistance
Jewellery
 f - a cursed ring of teleportation {unknown}
Scrolls
 e - 9 scrolls of identify {unknown}
 h - 4 scrolls of remove curse {unknown}
 i - a scroll of fear {unknown}
 k - a scroll of teleportation {unknown}
 n - a scroll of noise {unknown}
 o - a scroll of magic mapping {unknown}
Potions
 g - 2 potions of heal wounds
 j - a potion of curing {unknown}
 m - a potion of resistance {unknown}


   Skills:
 + Level 4.2 Fighting
 + Level 4.1 Long Blades
 - Level 1.7 Throwing
 + Level 2.8 Armour
 + Level 4.2 Dodging


You had 5 spell levels left.
You didn't know any spells.
Your spell library was empty.

Dungeon Overview and Level Annotations

Branches:
Dungeon (3/15)              Sewer (1/1)

Altars:


Innate Abilities, Weirdness & Mutations

You thrive by killing the living.
You are immune to poison.
You have sharp fingernails.
Your flesh is cold resistant. (rC+)
You are immune to negative energy. (rN+++)
You do not regenerate when monsters are visible.
You are immune to unholy pain and torment.
You can survive without breathing.


Message History

A rat comes into view.
You are too injured to fight recklessly!
You are too injured to fight recklessly!
You are too injured to fight recklessly!
You are too injured to fight recklessly!
You are too injured to fight recklessly!
You are too injured to fight recklessly!
The rat bites you but does no damage.
You hit the rat.
You kill the rat!
You closely miss the river rat. The river rat bites you.
* * * LOW HITPOINT WARNING * * *
The river rat bites you.
* * * LOW HITPOINT WARNING * * *
You hit the river rat.
The river rat is moderately wounded.
The rat bites you.
* * * LOW HITPOINT WARNING * * *
The rat bites you but does no damage. The river rat bites you.
You die...

##### #### ##..∩# ####
#∩..#####..##### ##...##
#...##..#####.
.......#####.......##÷÷.
......r..##...........÷.
......r@................
..≈...r.................
≈≈≈≈.≈.≈..≈≈..≈........≈
≈≈≈≈≈≈≈≈≈≈≈≈≈≈.≈......≈.
≈≈≈≈≈≈≈≈≈≈≈≈≈≈≈.≈≈≈≈.≈≈≈
≈≈≈≈≈≈≈≈≈≈≈≈≈≈≈≈≈≈≈≈≈≈≈≈
≈≈≈≈≈≈≈≈≈≈≈≈≈≈≈≈≈≈≈≈≈≈≈r
≈≈≈≈≈≈≈≈≈≈≈≈≈≈≈≈.≈ ≈..≈


You could see a river rat and 2 rats.

Vanquished Creatures
  Grinder (D:3)
  A big kobold (Sewer)
  6 adders
  2 river rats (Sewer)
  A worm (D:2)
  4 dart slugs (D:1)
  9 leopard geckos
  An orc (D:3)
  2 giant cockroaches (D:3)
  4 goblins
  9 hobgoblins
  3 jackals (D:2)
  2 ball pythons
  5 bats
  5 frilled lizards
  8 kobolds
  14 rats
77 creatures vanquished.

Notes
Turn   | Place    | Note
-------+----------+-------------------------------------------
     0 | D:1      | Borgoz the Ghoul Gladiator began the quest for the Orb.
     0 | D:1      | Reached XP level 1. HP: 17/17 MP: 0/0
   136 | D:1      | Reached XP level 2. HP: 25/25 MP: 1/1
   482 | D:1      | Reached skill level 1 in Armour
   482 | D:1      | Reached XP level 3. HP: 24/30 MP: 2/2
   780 | D:2      | Reached XP level 4. HP: 19/37 MP: 3/3
   994 | D:2      | Found a faded altar of an unknown god.
  1413 | D:3      | Noticed Grinder
  1450 | D:3      | Paralysed by Grinder for 3 turns
  1456 | D:3      | Killed Grinder
  1457 | D:3      | Reached XP level 5. HP: 39/46 MP: 4/4
  1457 | D:3      | Reached XP level 6. HP: 45/52 MP: 5/5
  1862 | D:3      | Found a glowing drain.
  1897 | Sewer    | Entered a sewer
  2290 | Sewer    | HP: 2/52 [rat (1)]
  2290 | Sewer    | Slain by a river rat

Illustrated notes

Levels and vault maps discovered:
D:1:      ebering_hopf_link, layout_basic, minmay_misc_feat_room,
          hangedman_abyss_or_decor_lesser_grid
D:2:      layout_rooms, chequers_ecumenical_altar_simple_redux,
          grunt_ministairs_7, roderic_roman_lattice, minmay_pentomino_p2
D:3:      layout_loops_ring, portal_sewer_entry_f, uniq_grinder
Sewer:    sewer_minmay_treatment

Skill      XL: |  1  2  3  4  5  6 |
---------------+-------------------+-----
Dodging        | 3 4 |  4.2
Long Blades    | 3 4 |  4.1
Armour         | 1 2 |  2.8
Fighting       | 3 4 |  4.2
Throwing       | |  1.7

Action                   |  1- 3 |  4- 6 || total
-------------------------+-------+-------++-------
Melee: Long sword        |    84 |   176 ||   260
  Use: Potion            |       |     2 ||     2
Armor: Leather armour    |    34 |    58 ||    92
Dodge: Dodged            |    84 |   194 ||   278
       Rpst.: Long sword |    31 |    58 ||    89
